 Dungeon Crawl Stone Soup version 0.26.1-2-gb8aa6d0cf2 (webtiles) character file.

Game seed: 12956277122514052008

74 Allula97 the Sneak (level 4, 0/24 HPs)
             Began as a Vampire Enchanter on Feb 26, 2021.
             Was an Initiate of Dithmenos.
             Slain by an orc priest
             ... wielding a +0 mace
              (2 damage)
             ... on level 2 of the Dungeon.
             The game lasted 00:06:58 (2002 turns).

Allula97 the Sneak (Vampire Enchanter)              Turns: 2002, Time: 00:06:59

Health: 0/24       AC:  3    Str:  7    XL:     4   Next: 10%
Magic:  0/7        EV: 12    Int: 17    God:    Dithmenos [......]
Gold:   140        SH:  0    Dex: 15    Spells: 4/7 levels left

rFire    . . .     SeeInvis +   a - +1 dagger
rCold    + + .     Faith    .   (no shield)
rNeg     + + +     Spirit   .   c - +0 leather armour
rPois    ∞         Reflect  .   (no helmet)
rElec    .         Harm     .   (no cloak)
rCorr    .         Rampage  .   (no gloves)
Will     .....                  (no boots)
Stlth    +++++.....             (no amulet)
HPRegen  0.00/turn              (no ring)
MPRegen  0.10/turn              (no ring)

@: mighty, flying, bloodless
A: fangs 3, see invisible, unbreathing
a: Bat Form, Revivify, Renounce Religion


You were on level 2 of the Dungeon.
You worshipped Dithmenos.
Dithmenos was noncommittal.
You visited 1 branch of the dungeon, and saw 2 of its levels.

You collected 140 gold pieces.

Inventory:

Hand Weapons
 a - a +1 dagger (weapon)
Missiles
 e - 9 javelins
Armour
 b - a +0 robe
 c - a +0 leather armour (worn)
Scrolls
 d - a scroll of teleportation {unknown}
 f - a scroll of immolation {unknown}
 h - a scroll of blinking {unknown}
 i - a scroll of identify {unknown}
Potions
 g - a potion of mutation {unknown}
 k - a potion of flight


   Skills:
 * Level 0.5 Fighting
 * Level 1.6 Short Blades
 + Level 0.4 Armour
 * Level 2.6 Dodging
 * Level 5.9 Stealth
 * Level 2.3 Spellcasting
 + Level 4.6 Hexes
 + Level 0.2 Ice Magic


You had 4 spell levels left.
You knew the following spells:

 Your Spells              Type           Power        Failure   Level
a - Corona                Hex            18%          4%          1
b - Ensorcelled Hibernat  Hex/Ice        20%          16%         2

Your spell library contained the following spells:

 Spells                   Type           Power        Failure   Level
 Confusing Touch          Hex            17%          12%         3
 Tukima's Dance           Hex            17%          12%         3
 Dazzling Flash           Conj/Hex       18%          30%         3


Dungeon Overview and Level Annotations

Branches:
Dungeon (2/15)

Altars:
Dithmenos


Innate Abilities, Weirdness & Mutations

You do not regenerate when monsters are visible.
You are frail without blood (-20% HP).
You can heal yourself when you bite living creatures.
You are immune to poison.
You have razor-sharp teeth.
You have supernaturally acute eyesight. (SInv)
You can survive without breathing.


Message History

The orc burns you.
* * * LOW HITPOINT WARNING * * *
The orc throws a stone.
The stone hits you.
* * * LOW HITPOINT WARNING * * *
Things that are here:
a stone; a +2 dagger of protection; a +0 robe The orc throws a stone.
The stone barely misses you.
It was a potion of flight.
You feel very buoyant.
You fly up into the air.
Casting: Ensorcelled Hibernation (safe; 16% risk of failure)
Confirm with . or Enter, or press ? or * to list all spells.
Aiming: Ensorcelled Hibernation (safe; 16% risk of failure)
Press: ? - help, Shift-Dir - straight line, f - orc priest
Aim: an orc priest, wielding a +0 mace and wearing a +0 robe (chance to affect: 41%)
The orc priest resists with some effort.
It was a potion of might.
You feel very mighty all of a sudden. The orc priest hits you with a +0 mace.
You die...

#..#.......#...##.#....
#..#.......#...........
#..##[....##.......#.##
#..####.####.......#.##
#...............<......
#....(##).#...#......#.
#....o(...#............
#....o##(##...#...)....
#.....@...........#.##.
#.................#.##.
#........##...##.##.#..
#........##...##.##....
##.....(...............
###.##....##...#####....
#.................##....
###.#.########...##.##....
####............#...##.##....


You could see an orc priest and an orc.

Vanquished Creatures
  An orc wizard (D:2)
  An adder (D:2)
  2 worms (D:2)
  A dart slug (D:2)
  3 orcs (D:2)
  3 giant cockroaches
  3 goblins
  5 hobgoblins
  3 bats
  2 frilled lizards
  2 kobolds (D:1)
  2 rats
28 creatures vanquished.

Vanquished Creatures (others)
  9 plants (D:2)
9 creatures vanquished.

Grand Total: 37 creatures vanquished

Notes
Turn   | Place    | Note
-------+----------+-------------------------------------------
     0 | D:1      | Allula97 the Vampire Enchanter began the quest for the Orb.
     0 | D:1      | Reached XP level 1. HP: 13/13 MP: 3/3
   442 | D:1      | Reached XP level 2. HP: 15/15 MP: 3/5
   447 | D:1      | Learned a level 2 spell: Ensorcelled Hibernation
  1051 | D:2      | Reached skill level 5 in Stealth
  1086 | D:2      | Found a shadowy altar of Dithmenos.
  1096 | D:2      | Became a worshipper of Dithmenos the Shadowed
  1330 | D:2      | Reached XP level 3. HP: 12/19 MP: 3/6
  1986 | D:2      | Reached XP level 4. HP: 21/24 MP: 0/7
  2002 | D:2      | Slain by an orc priest

Illustrated notes

Levels and vault maps discovered:
D:1:      dpeg_arrival_round_b, layout_loops_ring
D:2:      layout_basic, old_standard_altar, chequers_big_river

Skill      XL: |  1  2 |
---------------+-------+-----
Stealth        | 5 |  5.9
Fighting       | |  0.5
Short Blades   | |  1.6
Armour         | |  0.4
Dodging        | |  2.6
Spellcasting   | |  2.3
Hexes          | |  4.6
Ice Magic      | |  0.2

Action                   |  1- 3 |  4- 6 || total
-------------------------+-------+-------++-------
Melee: Dagger            |    74 |     6 ||    80
       Bite              |     4 |       ||     4
 Cast: Corona            |     5 |       ||     5
       Ensorcelled Hiber |    18 |     1 ||    19
 Abil: Exsanguinate      |     1 |       ||     1
  Use: Potion            |       |     2 ||     2
 Stab: Sleeping          |    21 |       ||    21
       Distracted        |     1 |       ||     1
Armor: Leather armour    |     5 |     1 ||     6
       Robe              |     1 |       ||     1
Dodge: Dodged            |    43 |     1 ||    44
